 Dungeon Crawl Stone Soup version 0.29.1-1-gd02db6906a (webtiles) character file.

Game seed: 11825189231224881192

32274 groovy9 the Severer (level 13, -3/101 HPs)
             Began as a Hill Orc Fighter on Sept 24, 2022.
             Was a High Priest of Hepliaklqana.
             Slain by a black mamba (12 damage)
             ... on level 5 of the Lair of Beasts.
             The game lasted 01:02:17 (18515 turns).

groovy9 the Severer (Hill Orc Fighter)             Turns: 18515, Time: 01:02:17

Health: -3/101     AC: 23    Str: 24    XL:     13   Next: 63%
Magic:  13/13      EV:  7    Int:  8    God:    Hepliaklqana [*****.]
Gold:   661        SH:  0    Dex:  5    Spells: 9/12 levels left

rFire   . . .      SeeInvis .   b - +3 dire flail (vorpal)
rCold   . . .      Faith    .   (shield currently unavailable)
rNeg    . . .      Spirit   .   F - +0 plate armour of Lugonu's Esteem {Dex-5 Slay+6}
rPois   +          Reflect  .   A - +1 helmet
rElec   .          Harm     .   w - +0 cloak
rCorr   .          Rampage  .   j - +1 pair of gloves
Will    +....                   B - +1 pair of boots
Stlth   ..........              d - amulet of regeneration
HPRegen 1.06/turn               o - ring of poison resistance
MPRegen 0.13/turn               p - ring of willpower

@: studying Axes
A: reduced essence
a: Renounce Religion, Recall Ancestor, Ancestor Identity, Transference, Idealise


You were on level 5 of the Lair of Beasts.
You worshipped Hepliaklqana.
Hepliaklqana was extremely pleased with you.
You visited 3 branches of the dungeon, and saw 17 of its levels.
You also visited: Bailey.

You collected 1040 gold pieces.
You spent 379 gold pieces at shops.

Inventory:

Hand Weapons
 a - a +1 war axe of freezing
 b - a +3 vorpal dire flail (weapon)
 Z - a +1 longbow of flaming
Missiles
 u - 6 datura-tipped darts
 D - 3 throwing nets
Armour
 j - a +1 pair of gloves (worn)
 w - a +0 cloak (worn)
 A - a +1 helmet (worn)
 B - a +1 pair of boots (worn)
 F - the +0 plate armour of Lugonu's Esteem (worn) {Dex-5 Slay+6}
   (You found it on level 4 of the Lair of Beasts)

   Dex:       It affects your dexterity (-5).
   Slay:      It affects your accuracy & damage with ranged weapons and melee
   (+6).
 P - a +2 kite shield of protection
 V - the +1 chain mail of Recklessness {rElec Regen+}
   (You found it on level 4 of the Lair of Beasts)

   rElec:     It insulates you from electricity.
   Regen:     It increases your rate of health regeneration.
Jewellery
 d - an amulet of regeneration (around neck)
 o - a ring of poison resistance (left hand)
 p - a ring of willpower (right hand)
Wands
 h - a wand of paralysis (4)
 r - a wand of mindburst (21)
 s - a wand of digging (7)
 t - a wand of polymorph (15)
 v - a wand of flame (39)
 H - a wand of roots (13)
 J - a wand of acid (4)
Scrolls
 c - a scroll of silence
 g - a scroll of fear
 k - 2 scrolls of brand weapon
 m - 5 scrolls of teleportation
 x - 3 scrolls of enchant weapon
 y - a scroll of fog
 E - 4 scrolls of poison
 G - 3 scrolls of immolation
 L - a scroll of identify
 N - 2 scrolls of vulnerability
 Q - 2 scrolls of magic mapping
 S - 2 scrolls of summoning
 W - a scroll of enchant armour
 X - 2 scrolls of amnesia
Potions
 e - 7 potions of curing
 f - 4 potions of resistance
 i - 4 potions of brilliance
 l - 2 potions of might
 n - 2 potions of invisibility
 q - 6 potions of heal wounds
 z - 4 potions of flight
 C - 3 potions of mutation
 R - a potion of magic
 T - a potion of cancellation
Miscellaneous
 I - a box of beasts


   Skills:
 - Level 10.0 Fighting
 - Level 16.4 Axes
 - Level 10.6 Armour
 + Level 10.3 Shields
 - Level 11.4 Ice Magic


You had 9 spell levels left.
You knew the following spells:

 Your Spells              Type           Power      Damage    Failure   Level
a - Ozocubu's Armour      Ice            18%        N/A       13%         3

Your spell library contained the following spells:

 Spells                   Type           Power      Damage    Failure   Level
 Freeze                   Ice            72%        1d9       4%          1
 Frozen Ramparts          Ice            36%        1d6       13%         3
 Magic Dart               Conj           0%         1d3       99%         1
 Sting                    Tmut/Pois      0%         1d3       99%         1
 Hailstorm                Conj/Ice       9%         3d4       99%         4
 Blink                    Tloc           0%         N/A       100%        2
 Poisonous Vapours        Pois/Air       0%         N/A       100%        2
 Scorch                   Fire           0%         2d5       100%        2
 Searing Ray              Conj           0%         2d4       100%        2
 Call Canine Familiar     Summ           0%         N/A       100%        3
 Dazzling Flash           Conj/Hex       0%         N/A       100%        3
 Lesser Beckoning         Tloc           0%         N/A       100%        3
 Portal Projectile        Hex/Tloc       0%         N/A       100%        3
 Summon Guardian Golem    Hex/Summ       0%         N/A       100%        3
 Corpse Rot               Necr/Pois/Air  0%         N/A       100%        4
 Dispel Undead            Necr           0%         3d6       100%        4
 Flame Wave               Conj/Fire      0%         2d4       100%        4
 Fulminant Prism          Conj/Hex       0%         3d6       100%        4
 Iskenderun's Mystic Bla  Conj/Tloc      0%         2d3       100%        4
 Leda's Liquefaction      Hex/Erth       0%         N/A       100%        4
 Olgreb's Toxic Radiance  Pois           0%         N/A       100%        4
 Manifold Assault         Tloc           0%         N/A       100%        5
 Death Channel            Necr           0%         N/A       100%        6
 Starburst                Conj/Fire      0%         6d3       100%        6
 Summon Cactus Giant      Summ           0%         N/A       100%        6
 Orb of Destruction       Conj           0%         9d5       100%        7
 Ozocubu's Refrigeration  Ice            9%         4d9       100%        7
 Spellforged Servitor     Conj/Summ      0%         N/A       100%        7


Dungeon Overview and Level Annotations

Branches:
Dungeon (11/15)            Temple (1/1) D:7            Lair (5/5) D:11
  Swamp (0/4) Lair:2        Snake (0/4) Lair:2        Slime (0/5) Lair:4
    Orc (0/2) D:9          Bailey (visited)

Altars:
Ashenzari
Cheibriados
Dithmenos
Elyvilon
Fedhas
Gozag
Hepliaklqana
Kikubaaqudgha
Makhleb
Nemelex Xobeh
Okawaru
Qazlal
Ru
Sif Muna
Trog
Uskayaw
Vehumet
Wu Jian
Xom
Yredelemnul
Zin
The Shining One
Jiyva

Shops:
D:6 [:!**

Annotations:
Lair:1 2 runed translucent doors, brightshaft's ghost, journeyman MiHu
Lair:2 2 transporters
Lair:4 exclusion: 2 oklob plants


Message History

The five-headed hydra barely misses you.
You feel better.
The four-headed hydra roars!
The black mamba bites you.
* * * LOW HITPOINT WARNING * * *
A black mamba comes into view.
The black mamba bites you!
* * * LOW HITPOINT WARNING * * *
The five-headed hydra bites you but does no damage. x9
The five-headed hydra bites you.
* * * LOW HITPOINT WARNING * * *
A black mamba comes into view.
You feel much better.
The black mamba hisses angrily. x2
The black mamba bites you but does no damage.
A blink frog comes into view.
The black mamba closely misses you.
The five-headed hydra barely misses you.
The five-headed hydra closely misses you.
The five-headed hydra bites you but does no damage. x8
The blink frog moves out of view.
The five-headed hydra attacks as you move away!
The five-headed hydra barely misses you.
The five-headed hydra bites you but does no damage.
The five-headed hydra barely misses you.
The five-headed hydra bites you but does no damage.
The five-headed hydra bites you.
* * * LOW HITPOINT WARNING * * *
The five-headed hydra attacks as you move away!
The five-headed hydra bites you but does no damage.
The five-headed hydra bites you!
* * * LOW HITPOINT WARNING * * *
The five-headed hydra bites you but does no damage.
The five-headed hydra bites you.
* * * LOW HITPOINT WARNING * * *
The five-headed hydra bites you.
* * * LOW HITPOINT WARNING * * *
The black mamba bites you but does no damage.
The blink frog blinks! x2; The black mamba bites you!
You die...

#..## ##.÷.## ...
###.....# ...
##.P.....## D...
...........## .....
............##.....
#...÷.......÷......
####.....†S.D......
##..F..@D.......
##.P.P..†......
#..÷..§.......
.......F...§....
...........S....
............S...
..............F.
...............)


You could see 2 five-headed hydras, 3 black mambas and 3 blink frogs.

Vanquished Creatures
  Nessos (Lair:4)
  Erolcha (D:9)
  2 hydras (Lair:4)
  A catoblepas (Lair:5)
  2 two-headed ogres
  A death yak (D:11)
  Pikel (D:6)
  A bog body (Lair:2)
  A cyclops (D:11)
  A manticore (D:10)
  3 elephants (Lair:5)
  A torpor snail (Lair:4)
  6 cane toads
  A gargoyle (D:8)
  5 komodo dragons
  3 rime drakes
  2 polar bears
  2 trolls
  A hornet (D:8)
  5 dream sheep
  12 blink frogs
  4 wyverns
  14 yaks
  2 basilisks
  2 steam dragons
  A vampire mosquito (D:10)
  Edmund (D:4)
  An acid dragon (D:10)
  2 orc warriors
  7 water moccasins
  3 sky beasts
  3 black bears
  An ice beast (D:6)
  2 ogres
  9 wolves
  4 centaurs
  2 lemures (D:6)
  A phantom (D:9)
  4 kobold brigands
  7 bullfrogs
  A necrophage (D:5)
  3 scorpions
  5 wights (D:8)
  2 troll zombies (D:9)
  5 killer bees (D:8)
  An electric eel (D:6)
  4 howler monkeys
  9 hounds
  5 orc priests
  2 gnoll boudas
  11 orc wizards
  6 ogre zombies (D:9)
  Robin (D:4)
  14 gnolls
  10 adders
  A shadow imp (D:6)
  A white imp (D:8)
  An ufetubus (D:5)
  2 worms
  31 orcs
  2 endoplasms
  A giant cockroach (D:1)
  17 goblins
  23 hobgoblins
  4 jackals
  29 kobolds
  A quokka (D:4)
  6 ball pythons
  12 bats
  3 frilled lizards (D:1)
  4 goblin skeletons (D:9)
  A goblin zombie (D:9)
  2 hobgoblin skeletons (D:9)
  A hobgoblin zombie (D:9)
  4 orc skeletons (D:9)
  10 orc zombies (D:9)
  4 rats
362 creatures vanquished.

Vanquished Creatures (collateral kills)
  A rime drake (Lair:4)
  2 cane toads
  2 komodo dragons
  A troll (D:10)
  9 blink frogs
  3 slime creatures (Lair:4)
  3 dream sheep
  A wraith (D:10)
  3 wyverns
  7 yaks
  A vampire mosquito (D:10)
  A basilisk (Lair:3)
  4 nagas (Lair:2)
  4 wolves
  A phantom (D:9)
  2 bullfrogs
  2 howler monkeys
  A jelly (Lair:4)
  2 orcs
  A goblin (D:9)
  A hobgoblin zombie (D:9)
  An orc skeleton (D:9)
  An orc zombie (D:9)
  A butterfly (Lair:4)
55 creatures vanquished.

Vanquished Creatures (others)
  3 ancestors
  7 battlemagi
  22 fungi
  39 plants
71 creatures vanquished.

Grand Total: 488 creatures vanquished

Notes
Turn   | Place    | Note
-------+----------+-------------------------------------------
     0 | D:1      | groovy9 the Hill Orc Fighter began the quest for the Orb.
     0 | D:1      | Reached XP level 1. HP: 19/19 MP: 1/1
    83 | D:1      | Reached XP level 2. HP: 27/27 MP: 2/2
    99 | D:1      | Reached skill level 3 in Axes
   314 | D:1      | Reached XP level 3. HP: 33/33 MP: 3/3
  1159 | D:2      | Reached XP level 4. HP: 40/40 MP: 4/4
  1171 | D:2      | Found a faded altar of an unknown god.
  1576 | D:3      | You fall into a shaft and drop 3 floors!
  1576 | D:6      | Found a radiant altar of Vehumet.
  1604 | D:5      | Entered Level 5 of the Dungeon
  1725 | D:5      | Reached skill level 4 in Axes
  1727 | D:5      | Reached XP level 5. HP: 47/47 MP: 5/5
  1813 | D:4      | Reached skill level 5 in Axes
  1814 | D:4      | Noticed Edmund
  1814 | D:4      | Noticed a black bear
  1822 | D:3      | Killed a black bear
  1823 | D:3      | Reached skill level 6 in Axes
  1823 | D:3      | Reached XP level 6. HP: 48/53 MP: 6/6
  2786 | D:4      | Noticed Robin
  2803 | D:4      | Killed Robin
  3021 | D:4      | Found an ornate altar of the Wu Jian Council.
  3081 | D:4      | Reached skill level 7 in Axes
  3575 | D:4      | Reached skill level 8 in Axes
  3575 | D:4      | Reached XP level 7. HP: 57/60 MP: 7/7
  3841 | D:4      | Killed Edmund
  3842 | D:4      | Reached skill level 9 in Axes
  4263 | D:5      | Reached skill level 10 in Axes
  4358 | D:5      | Reached XP level 8. HP: 62/67 MP: 8/8
  4579 | D:5      | Reached skill level 11 in Axes
  4883 | D:6      | Found Koevimil's Book Emporium.
  4883 | D:6      | Found Rorikk's Distillery.
  4895 | D:6      | Bought a potion of heal wounds for 55 gold pieces
  4895 | D:6      | Bought a potion of mutation for 88 gold pieces
  5065 | D:6      | Noticed a troll
  5074 | D:6      | Killed a troll
  5075 | D:6      | Reached skill level 12 in Axes
  5213 | D:6      | Found Dihyazeh's General Store.
  5258 | D:6      | Found a sacrificial altar of Ru.
  5341 | D:6      | Found a glowing golden altar of the Shining One.
  5389 | D:6      | Found Ruotath's Armour Shop.
  5542 | D:6      | Noticed Pikel
  5549 | D:6      | Killed Pikel
  5550 | D:6      | Reached skill level 14 in Axes
  5550 | D:6      | Reached XP level 9. HP: 60/72 MP: 9/9
  5803 | D:6      | Found Titty's Assorted Antiques.
  6081 | D:6      | Found a sparkling altar of Nemelex Xobeh.
  6658 | D:7      | Found a staircase to the Ecumenical Temple.
  6666 | Temple   | Entered the Ecumenical Temple
  6721 | Temple   | Became a worshipper of Hepliaklqana the Forgotten
  6993 | D:7      | Reached skill level 15 in Axes
  7255 | D:7      | Reached skill level 16 in Axes
  7934 | D:8      | Reached skill level 5 in Fighting
  7998 | D:8      | Reached XP level 10. HP: 57/80 MP: 10/10
  8465 | D:8      | Noticed a gargoyle
  8484 | D:8      | Killed a gargoyle
  8924 | D:8      | Reached * piety under Hepliaklqana
  9232 | D:8      | Noticed a two-headed ogre
  9243 | D:8      | Killed a two-headed ogre
  9377 | D:8      | Reached skill level 10 in Fighting
  9808 | D:9      | Reached skill level 5 in Armour
 10014 | D:9      | Found a staircase to the Orcish Mines.
 10162 | D:9      | Found a flagged portal.
 10171 | Bailey   | Entered a bailey
 10248 | D:9      | Reached XP level 11. HP: 50/89 MP: 11/11
 10530 | D:9      | Found a stormy altar of Qazlal.
 10532 | D:9      | Found a shimmering altar of Xom.
 10532 | D:9      | Found a blossoming altar of Fedhas.
 10640 | D:9      | Noticed Erolcha
 10656 | D:9      | Killed Erolcha
 11071 | D:9      | Reached ** piety under Hepliaklqana
 11072 | D:9      | Remembered your ancestor Numeria as a battlemage
 11077 | D:9      | Noticed a lindwurm
 11078 | D:9      | Noticed a lindwurm
 11078 | D:9      | Identified the ring "Zaskon" {Ice +Blink rElec Int+2
                  | Stlth-}
 11078 | D:9      | Noticed a deep elf pyromancer
 11369 | D:10     | Entered Level 10 of the Dungeon
 11494 | D:10     | Reached skill level 10 in Armour
 11725 | D:10     | Identified a scroll of acquirement
 11745 | D:10     | Acquired a manual of Axes
 11902 | D:10     | Noticed a manticore
 11914 | D:10     | Killed a manticore
 12254 | D:10     | Learned a level 3 spell: Ozocubu's Armour
 12309 | D:10     | Reached skill level 1 in Ice Magic
 12464 | D:11     | Noticed a cyclops
 12470 | D:11     | Killed a cyclops
 12482 | D:11     | Noticed a two-headed ogre
 12484 | D:11     | Killed a two-headed ogre
 12731 | D:11     | Noticed a death yak
 12744 | D:11     | Killed a death yak
 12747 | D:11     | Reached skill level 5 in Ice Magic
 12850 | D:11     | Found a staircase to the Lair.
 13192 | D:6      | Bought a +2 kite shield of protection for 236 gold pieces
 13286 | Lair:1   | Entered Level 1 of the Lair of Beasts
 13333 | Lair:1   | Reached *** piety under Hepliaklqana
 13363 | Lair:1   | Found a large runed translucent door.
 13364 | Lair:1   | Found a large runed translucent door.
 13598 | Lair:1   | Reached XP level 12. HP: 95/95 MP: 12/12
 13890 | Lair:1   | Noticed brightshaft's ghost (journeyman MiHu)
 14448 | Lair:2   | Found a staircase to the Snake Pit.
 14576 | Lair:2   | You fall into a shaft and drop 1 floor!
 14787 | Lair:2   | Found a transporter.
 14789 | Lair:2   | Found a transporter.
 14790 | Lair:2   | Noticed a boulder beetle
 14853 | Lair:2   | Reached **** piety under Hepliaklqana
 14857 | Lair:2   | Found a staircase to the Swamp.
 16147 | Lair:3   | Reached skill level 10 in Ice Magic
 16415 | Lair:4   | Noticed Nessos
 16711 | Lair:4   | Noticed a four-headed hydra
 16731 | Lair:4   | Killed a four-headed hydra
 17100 | Lair:4   | Reached XP level 13. HP: 97/101 MP: 11/13
 17232 | Lair:4   | Reached skill level 5 in Shields
 17522 | Lair:4   | Identified the +0 plate armour of Lugonu's Esteem {Dex-5
                  | Slay+6}
 17584 | Lair:4   | Found a staircase to the Slime Pits.
 17584 | Lair:4   | Found a viscous altar of Jiyva.
 17605 | Lair:4   | Identified the +1 chain mail of Recklessness {rElec Regen+}
 17680 | Lair:4   | Killed Nessos
 18252 | Lair:5   | Entered Level 5 of the Lair of Beasts
 18305 | Lair:5   | Reached ***** piety under Hepliaklqana
 18388 | Lair:5   | Noticed a dire elephant
 18477 | Lair:5   | Reached skill level 10 in Shields
 18515 | Lair:5   | Slain by a black mamba

Illustrated notes

Levels and vault maps discovered:
D:1:      lightli_arrival_flooded_house, layout_basic, minivault_4
D:2:      layout_basic, hellmonk_ecumenical_altar_pennies_from_heaven,
          minmay_stone_trees_small
D:3:      layout_loops_ring
D:4:      corexii_shantytown, layout_basic, nzn_wu_jian_contemplation,
          uniq_robin, uniq_edmund
D:5:      layout_cave_pods
D:6:      layout_loops_ring, mainiacjoe_overflow_cross_hatched,
          lemuel_doored_altar, tso_oasis_becter, mainiacjoe_overflow_alcove_4,
          serial_shops, nicolae_shop_stone, shop, nicolae_stop_n_shop_2,
          nicolae_inconvenience_store, shop, minmay_fractal_squares_5,
          uniq_pikel
D:7:      layout_basic, minmay_temple_entry_wispy, minmay_chambers_of_fives
D:8:      layout_basic
D:9:      lemuel_flame_loot_2, layout_loops_ring, grunt_temple_overflow_open,
          zombieorc2_lemuel, enter_bailey_4, uniq_erolcha
D:10:     layout_loops_cross
D:11:     layout_roguey, david_lair_generic, gauntlet_entry_generic
Temple:   dpeg_chambers_temple
Lair:1:   layout_concentric_octagons, ebering_ghost_disaster_area,
          lemuel_old_faithful, grunt_megastairs_3
Lair:2:   gammafunk_boulding_lane, layout_cave_pods, skrybe_swamp_entry_bodies,
          minmay_snake_entry_guardpost_small
Lair:3:   layout_cave_pods, beast_lair_carwin_6
Lair:4:   dpeg_oklob_gauntlet, layout_misc_corridors,
          minmay_slime_entry_pillars, minmay_lair_drake_nest,
          infiniplex_staircase_pool, lemuel_fruit_fields, uniq_nessos
Lair:5:   grunt_lair_end_beastmaster, layout_gridlike

Skill      XL: |  1  2  3  4  5  6  7  8  9 10 11 12 13 |
---------------+----------------------------------------+-----
Axes           | 3 4 6 8 10 14 16 | 16.4
Fighting       | 4 5 10 | 10.0
Armour         | 4 7 10 | 10.6
Shields        | 4 10 | 10.3
Ice Magic      | 6 11 | 11.4

Action                   |  1- 3 |  4- 6 |  7- 9 | 10-12 | 13-15 || total
-------------------------+-------+-------+-------+-------+-------++-------
Melee: War axe           |    83 |   181 |   240 |   523 |   114 ||  1141
       Dire flail        |       |       |       |     7 |     6 ||    13
 Fire: Sling             |     4 |     9 |       |       |       ||    13
Invok: Recall Ancestor   |       |       |       |     4 |       ||     4
       Ancestor Life: Ba |       |       |       |     1 |       ||     1
  Use: Scroll            |       |     8 |    11 |     7 |     3 ||    29
       Potion            |       |     3 |     6 |     8 |     4 ||    21
 Stab: Invisible         |       |     2 |       |       |       ||     2
       Distracted        |       |       |       |     5 |     2 ||     7
Armor: Scale mail        |    19 |       |       |       |       ||    19
       Chain mail        |    40 |    95 |    76 |   100 |       ||   311
       Skin              |       |       |     6 |     2 |     6 ||    14
       Ring mail         |       |       |       |   104 |    20 ||   124
       Plate armour      |       |       |       |       |   125 ||   125
Dodge: Dodged            |    51 |    52 |    43 |   119 |    44 ||   309
Block: Buckler           |    27 |    51 |    52 |    78 |       ||   208
       Kite shield       |       |       |       |    72 |    47 ||   119
